[Event "Titled Tuesday Blitz April 4 Late 2023"]
[White "Ortega Amarelle, Mariano"]
[Black "Castellanos Rodriguez, Renier"]
[WhiteFideId "3504301"]
[BlackFideId "3404650"]
[WhiteElo "2406"]
[BlackElo "2597"]
[Result "0-1"]
[Round "07"]
[TimeControl "180+2"]
[Date "2023.04.04"]
[WhiteClock "0:00:10"]
[BlackClock "0:00:57"]

1. e4 c5 2. Nf3 e6 3. d4 cxd4 4. Nxd4 a6 5. c4 Nf6 6. Nc3 Bb4 7. Bd3 Nc6 8. Ne2 Qc7 9. O-O O-O 10. h3 Be7 11. Be3 Ne5 12. Rc1 d6 13. f4 Nxd3 14. Qxd3 Bd7 15. f5 Rac8 16. b3 Qb8 17. Bg5 b5 18. cxb5 axb5 19. e5 dxe5 20. Bxf6 Qa7+ 21. Kh1 Bxf6 22. Ne4 Rxc1 23. Nxc1 exf5 24. Nxf6+ gxf6 25. Qg3+ Kh8 26. Qh4 Qb6 27. Nd3 f4 28. g3 Qe6 29. gxf4 Qxh3+ 30. Qxh3 Bxh3 31. Rf3 Bf5 32. fxe5 Be4 0-1


[Site "https://www.chess.com"]

[Event "Titled Tuesday Blitz April 4 Late 2023"]
[White "Francisco Guecamburu, Candela Be"]
[Black "Gokerkan, Cem Kaan"]
[WhiteFideId "160911"]
[BlackFideId "6336760"]
[WhiteElo "2326"]
[BlackElo "2365"]
[Result "0-1"]
[Round "07"]
[TimeControl "180+2"]
[Date "2023.04.04"]
[WhiteClock "0:00:03"]
[BlackClock "0:00:05"]

1. e4 e5 2. Nf3 Nf6 3. Nxe5 d5 4. exd5 Qxd5 5. Nf3 Nc6 6. Be2 Bg4 7. Nc3 Qh5 8. O-O Bd6 9. h3 O-O-O 10. Nb5 Bf4 11. Nfd4 Bxe2 12. Nxe2 Bxd2 13. Nec3 Qg5 14. Qf3 a6 15. Na3 Bxc1 16. Raxc1 Nd4 17. Qe3 Qg6 18. Nc4 Rhe8 19. Qg3 Qxg3 20. fxg3 Ne2+ 21. Nxe2 Rxe2 22. Rfe1 Rxe1+ 23. Rxe1 b5 24. Ne5 Rd2 25. Rc1 Ne4 26. Nxf7 Nxg3 27. Kh2 Ne2 28. Rf1 Rxc2 29. Ne5 Rxb2 30. Rf8+ Kb7 31. a3 Nd4 32. Nd3 Rc2 33. Nb4 Rc4 34. Nd3 a5 35. Rf7 Rc3 36. Ne5 Rxa3 37. Rxg7 b4 38. Nd7 b3 39. Nc5+ Kc6 40. Nd3 Kd5 41. Rxh7 Kc4 42. Nb2+ Kc3 43. Nd1+ Kd2 44. Rxc7 Kxd1 45. Rd7 Ra4 46. Rb7 Rb4 0-1


[Site "https://www.chess.com"]

[Event "Titled Tuesday Blitz April 4 Late 2023"]
[White "Goltsev, Dmitry"]
[Black "Bruedigam, Martin"]
[WhiteFideId "24176710"]
[BlackFideId "24608033"]
[WhiteElo "2336"]
[BlackElo "2331"]
[Result "1/2-1/2"]
[Round "07"]
[TimeControl "180+2"]
[Date "2023.04.04"]
[WhiteClock "0:00:04"]
[BlackClock "0:00:19"]

1. e4 b6 2. Nf3 c5 3. Nc3 Nc6 4. d4 cxd4 5. Nxd4 Bb7 6. Bc4 e6 7. Ndb5 d6 8. Bf4 Ne5 9. Bxe5 dxe5 10. Qxd8+ Kxd8 11. O-O-O+ Kc8 12. Na4 Nf6 13. f3 Be7 14. Rd3 Rd8 15. Rhd1 Rxd3 16. Rxd3 Bc6 17. Nac3 a6 18. Nd6+ Bxd6 19. Rxd6 Kc7 20. Rd2 Nd7 21. a3 g5 22. b4 h5 23. Bb3 h4 24. Nd1 a5 25. Kb2 axb4 26. axb4 Ba4 27. Bxa4 Rxa4 28. c3 Ra8 29. Ne3 b5 30. Ng4 Nb6 31. Kb3 Nc4 32. Ra2 Rxa2 33. Kxa2 f5 34. Nh6 g4 35. h3 gxh3 36. gxh3 fxe4 37. fxe4 Nd2 38. Ng4 Nxe4 39. Kb3 Ng5 40. Nxe5 Nxh3 41. Ng6 Kd6 42. Nxh4 Ng5 43. c4 bxc4+ 44. Kxc4 Kc6 45. Ng6 Nf7 46. Nf4 Nd6+ 47. Kd4 Kb5 48. Kc3 e5 49. Ne6 Ne4+ 50. Kb3 Nd2+ 51. Kc3 Ne4+ 52. Kb3 Nd2+ 53. Kc3 Nb1+ 54. Kb3 Nd2+ 1/2-1/2


[Site "https://www.chess.com"]

[Event "Titled Tuesday Blitz April 4 Late 2023"]
[White "Leitao, Rafael"]
[Black "Loiacono, Antonio"]
[WhiteFideId "2101246"]
[BlackFideId "895415"]
[WhiteElo "2609"]
[BlackElo "2257"]
[Result "1-0"]
[Round "07"]
[TimeControl "180+2"]
[Date "2023.04.04"]
[WhiteClock "0:00:50"]
[BlackClock "0:00:12"]

1. c4 c6 2. g3 d5 3. Bg2 dxc4 4. Nf3 Nd7 5. O-O Nb6 6. Qc2 Be6 7. a4 a5 8. Na3 f6 9. Rd1 Bf7 10. d3 cxd3 11. Rxd3 Qc8 12. e4 e5 13. Be3 Bxa3 14. Bxb6 Be7 15. Rad1 Be6 16. Nd2 Nh6 17. Nc4 O-O 18. Bxa5 b5 19. Nb6 Qa6 20. Qxc6 Bb3 21. Rxb3 Qxa5 22. Nxa8 Rxa8 23. Rxb5 Qxa4 24. Rb8+ 1-0


[Site "https://www.chess.com"]

[Event "Titled Tuesday Blitz April 4 Late 2023"]
[White "Kilic, Eray"]
[Black "Makaraci, Tunahan"]
[WhiteFideId "44517173"]
[BlackFideId "6356559"]
[WhiteElo "2328"]
[BlackElo "2160"]
[Result "1-0"]
[Round "07"]
[TimeControl "180+2"]
[Date "2023.04.04"]
[WhiteClock "0:00:23"]
[BlackClock "0:00:05"]

1. d4 d5 2. Nc3 c6 3. Bf4 g6 4. e3 Bg7 5. Bd3 Nd7 6. h4 h5 7. Nf3 Ngf6 8. Ng5 Ng4 9. f3 Nh6 10. Qe2 e5 11. dxe5 Nxe5 12. O-O-O Nxd3+ 13. Qxd3 O-O 14. e4 Qa5 15. exd5 Bf5 16. Nge4 cxd5 17. Qxd5 Qa6 18. Qb5 Qxb5 19. Nxb5 Bxe4 20. fxe4 Ng4 21. Rhf1 a6 22. Nd6 b5 23. c3 Ra7 24. g3 Rd7 25. Rd2 Rfd8 26. Bg5 f6 27. Bf4 Bf8 28. Rfd1 g5 29. hxg5 Bxd6 30. Bxd6 fxg5 31. e5 Kf7 32. Re2 Ke6 33. b3 Rf7 34. c4 bxc4 35. bxc4 Rf3 36. c5 Rc8 37. Rh1 Rc3+ 38. Rc2 Rxc2+ 39. Kxc2 Ne3+ 40. Kd3 Nf5 41. Rxh5 g4 42. Rg5 a5 43. Rxg4 Nxd6 44. cxd6 Kxe5 45. d7 Rd8 46. Re4+ Kf5 47. Rd4 Ke5 48. g4 a4 49. a3 Ke6 50. Ke4 Rxd7 51. Rxd7 Kxd7 52. Kf5 Ke7 53. Kg6 Kf8 54. Kh7 1-0


[Site "https://www.chess.com"]

[Event "Titled Tuesday Blitz April 4 Late 2023"]
[White "Gadimbayli, Abdulla"]
[Black "Becerra, Juan David"]
[WhiteFideId "13404938"]
[BlackFideId "4404998"]
[WhiteElo "2390"]
[BlackElo "2276"]
[Result "1-0"]
[Round "07"]
[TimeControl "180+2"]
[Date "2023.04.04"]
[WhiteClock "0:01:42"]
[BlackClock "0:00:58"]

1. e4 e5 2. Nf3 Nc6 3. Nc3 Nf6 4. d4 exd4 5. Nxd4 Nxe4 6. Nxc6 Nxc3 7. Nxd8 Nxd1 8. Nxf7 Nxf2 9. Nxh8 Nxh1 10. Bc4 c6 11. Bf7+ Kd8 12. Be3 Be7 13. O-O-O Bf6 14. Bg8 g6 15. Nf7+ Ke7 16. Bc5+ Ke8 17. Re1+ 1-0


[Site "https://www.chess.com"]

[Event "Titled Tuesday Blitz April 4 Late 2023"]
[White "Klukin, Kirill"]
[Black "Aggelis, Nikolaos"]
[WhiteFideId "24199273"]
[BlackFideId "4213220"]
[WhiteElo "2344"]
[BlackElo "2189"]
[Result "1-0"]
[Round "07"]
[TimeControl "180+2"]
[Date "2023.04.04"]
[WhiteClock "0:00:03"]
[BlackClock "0:00:02"]

1. f4 d5 2. Nf3 g6 3. g3 Bg7 4. Bg2 Nh6 5. O-O O-O 6. d3 b5 7. e4 Bb7 8. Nc3 c6 9. Qe2 b4 10. Nd1 a5 11. Nf2 c5 12. Be3 Qc8 13. Ne5 f6 14. Nf3 d4 15. Bd2 f5 16. Rae1 Nc6 17. Ng5 e5 18. exf5 Nxf5 19. Bd5+ Kh8 20. Ne6 exf4 21. Bxf4 Ne3 22. Nxg7 Rxf4 23. gxf4 Nxd5 24. Qe8+ Kxg7 25. Qxc8 Rxc8 26. Ng4 h5 27. Ne5 Nxe5 28. fxe5 Ne3 29. Rf2 Re8 30. c3 Rxe5 31. cxd4 cxd4 32. h4 Bd5 33. Rc1 Bxa2 34. Rc7+ Kg8 35. Rf6 Re6 36. Rff7 Nf5 37. Rfd7 Rf6 38. Rc8+ Rf8 39. Rc6 Rf6 40. Rxf6 Nxh4 41. Rb6 Be6 42. Rb8# 1-0


[Site "https://www.chess.com"]

[Event "Titled Tuesday Blitz April 4 Late 2023"]
[White "Goltseva, Ekaterina"]
[Black "Papasimakopoulos, Alexandros"]
[WhiteFideId "24173770"]
[BlackFideId "4244125"]
[WhiteElo "2200"]
[BlackElo "2359"]
[Result "1/2-1/2"]
[Round "07"]
[TimeControl "180+2"]
[Date "2023.04.04"]
[WhiteClock "0:00:04"]
[BlackClock "0:00:07"]

1. d4 e6 2. c4 Nf6 3. g3 Bb4+ 4. Bd2 Be7 5. Bg2 d5 6. Nf3 O-O 7. O-O Ne4 8. Qc2 c6 9. a3 Nd7 10. Bb4 Nd6 11. Bxd6 Bxd6 12. e4 dxc4 13. Qxc4 e5 14. Nc3 Qe7 15. Rad1 Nb6 16. Qd3 Bg4 17. h3 Bxf3 18. Bxf3 exd4 19. Qxd4 Be5 20. Qd3 Rad8 21. Qc2 Qc5 22. Kg2 Bxc3 23. Qxc3 Qxc3 24. bxc3 Nc4 25. a4 b6 26. Rd4 Nb2 27. a5 c5 28. Rxd8 Rxd8 29. axb6 axb6 30. Rb1 Na4 31. c4 g6 32. Ra1 Nb2 33. Be2 Rd4 34. Ra6 Rxe4 35. Kf3 Re6 36. Ra2 Rxe2 37. Kxe2 Nxc4 38. Kd3 Ne5+ 39. Ke4 Nc4 40. Kd5 Na5 41. Rb2 c4 42. Rxb6 Nb3 43. Rb8+ Kg7 44. Kxc4 Nd2+ 45. Kd3 Nf3 46. Ke3 Ne5 47. h4 h5 48. Ke2 Nc6 49. Rc8 Ne7 50. Rc7 Nd5 51. Ra7 Nc3+ 52. Kf1 Nb5 53. Rb7 Nd6 54. Rd7 Ne4 55. Kg2 Nc5 56. Rc7 Ne6 57. Ra7 Nd4 58. f3 Nb5 59. Rd7 Kf6 60. g4 hxg4 61. fxg4 Ke6 62. Rb7 Nd4 63. Kg3 Kf6 64. Rb6+ Kg7 65. Kf4 Ne2+ 66. Ke3 Nc3 67. Rd6 Nb5 68. Rd7 Kf6 69. Kf4 Ke6 70. Rb7 Nd4 71. h5 gxh5 72. gxh5 Kf6 73. Rb6+ Ne6+ 74. Kg4 Kg7 75. Kf5 Nd4+ 76. Ke4 Ne6 77. Kf5 Nd4+ 78. Kg4 Nc2 79. Rb7 Ne3+ 80. Kg5 Nd5 81. h6+ Kg8 82. Kh5 Nf6+ 83. Kg5 Ne4+ 84. Kf4 Nf6 85. Kf5 Nd5 86. Rd7 Ne3+ 87. Kf6 Ng4+ 88. Kg5 Ne5 89. Re7 Nc6 90. Rc7 Ne5 91. Rc5 Nd7 92. Rd5 Nb6 93. Rd8+ Kh7 94. Kf6 Nc4 95. Rd4 Ne3 96. Rh4 Ng2 97. Rh2 Ne3 98. Kxf7 Ng4 99. Rh4 Ne5+ 100. Kf6 Nf3 101. Rh3 Nd4 102. Kg5 Ne6+ 103. Kh5 Nf4+ 104. Kh4 Nxh3 105. Kxh3 Kxh6 1/2-1/2


[Site "https://www.chess.com"]

[Event "Titled Tuesday Blitz April 4 Late 2023"]
[White "Bolourchifard, Farzad"]
[Black "Przybylski, Wojciech"]
[WhiteFideId "12510084"]
[BlackFideId "1117599"]
[WhiteElo "2317"]
[BlackElo "2222"]
[Result "0-1"]
[Round "07"]
[TimeControl "180+2"]
[Date "2023.04.04"]
[WhiteClock "0:00:12"]
[BlackClock "0:00:13"]

1. e4 e5 2. Nf3 Nc6 3. Bc4 Nf6 4. d3 Be7 5. O-O O-O 6. Re1 d6 7. c3 Na5 8. Bb5 a6 9. Ba4 b5 10. Bc2 c5 11. Nbd2 Nc6 12. Nf1 Be6 13. Ng3 g6 14. Bh6 Re8 15. h3 d5 16. exd5 Nxd5 17. Nxe5 Nxe5 18. Rxe5 Bf6 19. Re1 b4 20. c4 Nb6 21. Rb1 a5 22. Ne4 Bd4 23. Ba4 Nxa4 24. Qxa4 Bd7 25. Qc2 Bc6 26. Bg5 f6 27. Bh4 a4 28. Re2 g5 29. Bg3 f5 30. Nd6 f4 31. Bxf4 gxf4 32. Nxe8 Bxe8 33. Re4 Qg5 34. Qd2 Bc6 35. Qxf4 Qxf4 36. Rxf4 Re8 37. Kf1 Kg7 38. Rf5 Kg6 39. Rf4 h5 40. g4 h4 41. Rf5 Re7 42. b3 a3 43. Re1 Rxe1+ 44. Kxe1 Bg2 45. Rh5 Bf6 46. f4 Bxh3 47. f5+ Kg7 48. g5 Bc3+ 49. Kd1 Bxf5 50. Rxh4 Bxd3 51. Kc1 Kg6 52. Rh6+ Kxg5 53. Rc6 Bd4 54. Rd6 Kf5 55. Rd8 Ke4 56. Re8+ Be5 57. Rh8 Kd4 58. Rh4+ Be4 59. Rh3 Bf4+ 60. Kd1 Bd3 61. Rh4 Ke3 62. Rh3+ Ke4 63. Rh5 Be3 64. Rd5 Bb1 65. Rd8 Bd4 66. Rh8 Kd3 67. Rh3+ Be3 68. Rh2 Kd4 69. Rh4+ Be4 70. Rg4 Kd3 71. Rg3 Bf5 72. Rg8 Be6 73. Rd8+ Kc3 74. Ke2 Bd4 75. Rf8 Kb2 76. Kd3 Kxa2 77. Kc2 Bg4 78. Rf4 Bh5 79. Rxd4 cxd4 80. c5 Bf3 81. Kd3 Kxb3 82. Kxd4 a2 83. Ke3 Bg2 84. Kd4 Bc6 85. Ke5 Kc4 86. Kd6 Bb5 87. c6 Bxc6 88. Kxc6 a1=Q 89. Kd6 Qc3 90. Ke6 Qd3 91. Ke5 Qd4+ 92. Kf5 Qd5+ 93. Kf6 Kc5 94. Ke7 Kc6 95. Ke8 Qd7+ 96. Kf8 Kd6 97. Kg8 Ke6 98. Kh8 Kf6 99. Kg8 Qg7# 0-1


[Site "https://www.chess.com"]

[Event "Titled Tuesday Blitz April 4 Late 2023"]
[White "Moral Garcia, Serafin"]
[Black "Hansen, Sune Berg"]
[WhiteFideId "2201925"]
[BlackFideId "1400266"]
[WhiteElo "2274"]
[BlackElo "2717"]
[Result "1/2-1/2"]
[Round "07"]
[TimeControl "180+2"]
[Date "2023.04.04"]
[WhiteClock "0:01:02"]
[BlackClock "0:01:05"]

1. Nf3 Nf6 2. b3 g6 3. Bb2 Bg7 4. c4 c5 5. e3 O-O 6. Be2 b6 7. O-O Bb7 8. d4 cxd4 9. Nxd4 a6 10. Bf3 Ra7 11. Bxb7 Rxb7 12. Qf3 Qc8 13. Nc3 d6 14. Rac1 Re8 15. Nd5 Nbd7 16. Rfd1 Ne5 17. Qe2 e6 18. Nxf6+ Bxf6 19. Rc2 Bg7 20. Nf3 Nxf3+ 21. Qxf3 Bxb2 22. Rxb2 Rd7 23. Rbd2 Qc5 24. Qe4 Red8 25. h4 h5 26. Qd4 Qxd4 27. Rxd4 Kf8 28. Kf1 Ke7 29. Ke2 Rc8 30. a4 Rc5 31. e4 a5 32. f3 f6 33. g3 Rc6 34. Ke3 Rd8 35. f4 e5 36. Rd5 Rf8 37. Kf3 g5 38. hxg5 fxg5 39. f5 g4+ 40. Ke3 Rf6 41. Rh1 Rh6 42. Rh4 Kf6 43. Kd3 Kg5 44. Ke3 1/2-1/2


[Site "https://www.chess.com"]

[Event "Titled Tuesday Blitz April 4 Late 2023"]
[White "Thomforde-Toates, Noah"]
[Black "Romkachess"]
[WhiteFideId "30951992"]
[WhiteElo "2706"]
[BlackElo "2467"]
[Result "1-0"]
[Round "07"]
[TimeControl "180+2"]
[Date "2023.04.04"]
[WhiteClock "0:00:46"]
[BlackClock "0:00:03"]

1. d4 Nf6 2. Nc3 d5 3. Bf4 a6 4. e3 e6 5. Nf3 c5 6. dxc5 Bxc5 7. Bd3 O-O 8. O-O Nc6 9. e4 dxe4 10. Nxe4 Be7 11. Qe2 Nd5 12. Bg3 h6 13. c4 Nf6 14. Rfd1 Qa5 15. Nd6 Qh5 16. Rac1 Bxd6 17. Bxd6 Re8 18. Ne5 Qxe2 19. Bxe2 Nxe5 20. Bxe5 Nd7 21. Bc7 e5 22. c5 Nf6 23. b4 Be6 24. a3 Bd5 25. Ba5 Bc6 26. Rd2 Ne4 27. Rdd1 Re7 28. f3 Nf6 29. Rd6 Nd5 30. Bc4 Nf4 31. Rcd1 Rae8 32. Bd8 Re6 33. Bxe6 Nxe6 34. Bh4 f6 35. Bf2 Kf7 36. Be3 Ba4 37. R1d2 Re7 38. Kf2 g5 39. g4 Nc7 40. Rb6 Bc6 41. Rd6 Nd5 42. Rbxc6 bxc6 43. Rxc6 Rd7 44. Rxa6 Nc3 45. c6 Rc7 46. a4 Nd5 47. b5 Nb4 48. Ra7 Rxa7 49. Bxa7 Ke6 50. Bc5 Nd5 51. a5 Nc3 52. b6 Na4 53. b7 Nxc5 54. b8=Q Nd3+ 55. Ke3 Nf4 56. Qc8+ Kd6 57. Qd7+ Kc5 58. c7 Nd5+ 59. Qxd5+ Kxd5 60. c8=Q 1-0


[Site "https://www.chess.com"]

[Event "Titled Tuesday Blitz April 4 Late 2023"]
[White "Matinian, Nikita"]
[Black "Harriott, Tyrell"]
[WhiteFideId "24129100"]
[BlackFideId "2086484"]
[WhiteElo "2422"]
[BlackElo "2107"]
[Result "1-0"]
[Round "07"]
[TimeControl "180+2"]
[Date "2023.04.04"]
[WhiteClock "0:01:19"]
[BlackClock "0:01:30"]

1. e4 e6 2. d4 d5 3. Nc3 f5 4. exd5 exd5 5. Nf3 Nf6 6. Bg5 c6 7. Qd2 Be7 8. Bxf6 Bxf6 9. O-O-O O-O 10. Ne5 f4 11. g3 Bg5 12. h4 Bh6 13. g4 g6 14. g5 Bg7 15. Bd3 Nd7 16. Nxd7 Bxd7 17. h5 Bg4 18. h6 Bxd4 19. Rdg1 Qd7 20. Bxg6 Bxc3 21. Qxc3 Bf3 22. Bxh7+ Qxh7 23. g6 d4 24. gxh7+ 1-0


[Site "https://www.chess.com"]

[Event "Titled Tuesday Blitz April 4 Late 2023"]
[White "Ezat, Mohamed"]
[Black "feuervogel1000000"]
[WhiteFideId "10600906"]
[WhiteElo "2386"]
[BlackElo "2297"]
[Result "1-0"]
[Round "07"]
[TimeControl "180+2"]
[Date "2023.04.04"]
[WhiteClock "0:01:19"]
[BlackClock "0:01:39"]

1. d4 Nf6 2. c4 e6 3. Nc3 d5 4. cxd5 exd5 5. Bg5 Be7 6. e3 O-O 7. Bd3 c6 8. Qc2 Nbd7 9. Nge2 h6 10. Bf4 Re8 11. O-O Nf8 12. Rab1 Bd6 13. b4 Ne6 14. Bxd6 Qxd6 15. b5 Bd7 16. bxc6 Bxc6 17. Ng3 Ng4 18. Qe2 h5 19. h3 Nf4 20. Qd1 Nxe3 21. fxe3 Nxd3 22. Nf5 Qg6 23. Qxd3 Bd7 24. Nxd5 Rac8 25. Nde7+ 1-0


[Site "https://www.chess.com"]

[Event "Titled Tuesday Blitz April 4 Late 2023"]
[White "Tsvetkov, Andrey"]
[Black "Krasteva, Beloslava"]
[WhiteFideId "34139360"]
[BlackFideId "2922029"]
[WhiteElo "2319"]
[BlackElo "2187"]
[Result "1-0"]
[Round "07"]
[TimeControl "180+2"]
[Date "2023.04.04"]
[WhiteClock "0:00:49"]
[BlackClock "0:00:02"]

1. d4 d5 2. c4 e6 3. Nc3 Be7 4. Nf3 Nf6 5. Bf4 O-O 6. e3 c5 7. dxc5 Bxc5 8. cxd5 exd5 9. Be2 Nc6 10. O-O d4 11. Na4 Bd6 12. Bxd6 Qxd6 13. Nxd4 Nxd4 14. Qxd4 Qxd4 15. exd4 Rd8 16. Rfd1 Bf5 17. Nc3 Rd7 18. Rd2 Rad8 19. Rad1 Be4 20. f3 Bd5 21. Kf2 Kf8 22. Bb5 Rd6 23. Bd3 R6d7 24. g4 h6 25. h4 Be6 26. Bb5 Rd6 27. Be2 Nd5 28. Ne4 Rb6 29. Nc5 Nf4 30. Bf1 Bxa2 31. Ra1 Bd5 32. Rxa7 Ne6 33. Ra3 Rb4 34. Nxe6+ Bxe6 35. Ke3 Bd5 36. Bd3 b6 37. Be4 Be6 38. d5 Bd7 39. d6 Bb5 40. Rc3 f6 41. Rc7 Rc4 42. Rb7 Bc6 43. Rxb6 Bxe4 44. fxe4 1-0


[Site "https://www.chess.com"]

[Event "Titled Tuesday Blitz April 4 Late 2023"]
[White "Hansen, Eric"]
[Black "Djordjevic, Dejan N"]
[WhiteFideId "2606771"]
[BlackFideId "913316"]
[WhiteElo "2561"]
[BlackElo "2261"]
[Result "1-0"]
[Round "07"]
[TimeControl "180+2"]
[Date "2023.04.04"]
[WhiteClock "0:02:14"]
[BlackClock "0:00:04"]

1. d4 Nf6 2. c4 d6 3. Nc3 g6 4. e4 Bg7 5. f3 O-O 6. Nge2 Nc6 7. Be3 e5 8. d5 Ne7 9. Qd2 Ne8 10. h4 f5 11. h5 f4 12. Bf2 g5 13. h6 Bf6 14. c5 Kh8 15. O-O-O a6 16. Kb1 Bd7 17. Nc1 g4 18. Nb3 b5 19. Na5 Ng8 20. Rc1 Qe7 21. Nc6 Qf7 22. a3 Qg6 23. Na2 Nxh6 24. Qa5 g3 25. Bg1 Bxc6 26. dxc6 d5 27. Bd3 dxe4 28. Bxe4 Qg7 29. Nb4 Bd8 30. Rd1 Nf6 31. Bc2 Re8 32. Nxa6 e4 33. Bd4 exf3 34. gxf3 Qf8 35. Qxb5 Re6 36. Qb7 Be7 37. Nxc7 Rb8 38. Nxe6 1-0


[Site "https://www.chess.com"]

[Event "Titled Tuesday Blitz April 4 Late 2023"]
[White "Baskakov, Egor"]
[Black "Gontcharov, Vladislav"]
[WhiteFideId "24197866"]
[BlackFideId "4123492"]
[WhiteElo "2212"]
[BlackElo "2420"]
[Result "0-1"]
[Round "07"]
[TimeControl "180+2"]
[Date "2023.04.04"]
[WhiteClock "0:00:06"]
[BlackClock "0:00:16"]

1. e4 e6 2. Nc3 d5 3. g3 Nf6 4. Bg2 dxe4 5. Nxe4 Nxe4 6. Bxe4 Bc5 7. Ne2 e5 8. Bg2 c6 9. O-O Bg4 10. h3 Bh5 11. d3 Nd7 12. d4 Bxe2 13. Qxe2 Bxd4 14. Rd1 O-O 15. c3 Bb6 16. Qg4 Qf6 17. Kh2 Nc5 18. Be3 Ne6 19. Qe4 Bxe3 20. Qxe3 h6 21. h4 g5 22. hxg5 Nxg5 23. Rd7 b6 24. Rad1 Rfe8 25. R7d6 Re6 26. Rd7 e4 27. Qd4 c5 28. Qxf6 Rxf6 29. Kg1 Nf3+ 30. Bxf3 exf3 31. Re7 a5 32. a4 Rb8 33. c4 Kf8 34. Re4 Re8 35. Rxe8+ Kxe8 36. Rd3 Kf8 37. Kh2 h5 38. Kh3 Kg7 39. Kh4 Kg6 40. Rd5 Re6 41. Rg5+ Kf6 42. Rd5 Re2 43. Rd6+ Kg7 44. Rxb6 Rxf2 45. Kg5 Rg2 46. Rf6 Rxg3+ 47. Kh4 Kxf6 48. Kxg3 Ke5 49. Kxf3 Kd4 50. b3 Kc3 0-1


[Site "https://www.chess.com"]

[Event "Titled Tuesday Blitz April 4 Late 2023"]
[White "tuschessCM1"]
[Black "Fiorito, Joaquin"]
[BlackFideId "180173"]
[WhiteElo "2731"]
[BlackElo "2157"]
[Result "1-0"]
[Round "07"]
[TimeControl "180+2"]
[Date "2023.04.04"]
[WhiteClock "0:01:41"]
[BlackClock "0:00:02"]

1. c4 Nf6 2. Nc3 e6 3. e4 d5 4. cxd5 exd5 5. e5 d4 6. exf6 dxc3 7. dxc3 Qxf6 8. Nf3 Bd6 9. Be2 O-O 10. O-O h6 11. h3 Nc6 12. Be3 Bf5 13. Bd3 Rad8 14. Nd4 Nxd4 15. Bxd4 Be5 16. Bxf5 Qxf5 17. Qb3 Bxd4 18. cxd4 Qd5 19. Rfc1 Qa5 20. Qxb7 Rxd4 21. Rxc7 Rb4 22. Qxa7 Qf5 23. b3 Qe5 24. Rac1 Re4 25. Qc5 Qb2 26. Qc2 Qe5 27. Rc4 Re2 28. Qb1 Qf6 29. Rf1 Rfe8 30. a4 Qd6 31. Qf5 Qb6 32. Qd3 1-0


[Site "https://www.chess.com"]

[Event "Titled Tuesday Blitz April 4 Late 2023"]
[White "Kim, Sergey"]
[Black "Sieciechowicz, Marcin"]
[WhiteFideId "13700570"]
[BlackFideId "1130170"]
[WhiteElo "2534"]
[BlackElo "2302"]
[Result "0-1"]
[Round "07"]
[TimeControl "180+2"]
[Date "2023.04.04"]
[WhiteClock "0:00:11"]
[BlackClock "0:00:07"]

1. d4 Nf6 2. c4 g6 3. Nc3 Bg7 4. e4 d6 5. Nge2 O-O 6. Ng3 c5 7. d5 e6 8. Be2 exd5 9. cxd5 a6 10. a4 h5 11. Bg5 Qe8 12. Qd2 Nh7 13. Bf4 Be5 14. O-O h4 15. Nh1 Nd7 16. f3 f5 17. Bh6 Rf7 18. exf5 gxf5 19. Bf4 Ndf6 20. Rae1 Bd4+ 21. Nf2 Qf8 22. Be3 Bxe3 23. Qxe3 Bd7 24. Nh3 Qe7 25. Qh6 Re8 26. Qxh4 Qe3+ 27. Kh1 Qd2 28. Qc4 Qxb2 29. Rb1 Qd2 30. Nf4 Qd4 31. Rxb7 Bc8 32. Rxf7 Kxf7 33. Bd3 Re3 34. Qxd4 cxd4 35. Nce2 Nh5 36. g3 a5 37. Rc1 Bd7 38. Rc7 Ke8 39. Kg2 Nxf4+ 40. Nxf4 Re1 41. Kf2 Ra1 42. Bb5 Bxb5 43. axb5 Rb1 44. Rxh7 Rb2+ 45. Kg1 Rxb5 46. Ra7 Kd8 47. h4 Kc8 48. h5 Kb8 49. Ra6 Kb7 50. Rxd6 a4 51. Re6 a3 52. Re1 a2 53. h6 Rb1 54. Nd3 Rxe1+ 55. Nxe1 a1=Q 56. Kf1 Qa6+ 57. Kf2 Qxh6 58. Nd3 Qe3+ 0-1


[Site "https://www.chess.com"]

[Event "Titled Tuesday Blitz April 4 Late 2023"]
[White "Martins, Bruno Andre Leite"]
[Black "liwadas82"]
[WhiteFideId "1942255"]
[WhiteElo "2240"]
[BlackElo "2481"]
[Result "1-0"]
[Round "07"]
[TimeControl "180+2"]
[Date "2023.04.04"]
[WhiteClock "0:00:03"]
[BlackClock "0:00:01"]

1. e4 e5 2. Nf3 Nc6 3. Nc3 Nf6 4. a3 g6 5. d4 exd4 6. Nxd4 Bg7 7. Be3 O-O 8. Nxc6 bxc6 9. Be2 Re8 10. Bf3 Ba6 11. g4 d6 12. g5 Nd7 13. h4 Rb8 14. Qc1 Ne5 15. Be2 Bxe2 16. Nxe2 Nc4 17. c3 Nxb2 18. Qc2 Nc4 19. Bd4 Rb2 20. Qd3 d5 21. Bxg7 Kxg7 22. Ng3 dxe4 23. Qd4+ Qxd4 24. cxd4 e3 25. O-O e2 26. Rfe1 Rd2 27. Kg2 Nb2 28. Kf3 Rd3+ 29. Kg2 Rxd4 30. Rxe2 Rxe2 31. Nxe2 Rxh4 32. Rb1 Nd3 33. Rb7 Rg4+ 34. Ng3 Rxg5 35. Rxa7 h5 36. Kf3 h4 37. Ne4 Ne1+ 38. Ke2 1-0


[Site "https://www.chess.com"]

[Event "Titled Tuesday Blitz April 4 Late 2023"]
[White "Srinath, Rao S.V."]
[Black "Jimenez Jimenez, Leandro"]
[WhiteFideId "5028876"]
[BlackFideId "6415253"]
[WhiteElo "2196"]
[BlackElo "2263"]
[Result "1-0"]
[Round "07"]
[TimeControl "180+2"]
[Date "2023.04.04"]
[WhiteClock "0:00:07"]
[BlackClock "0:00:09"]

1. d4 d5 2. Nc3 Nf6 3. Bf4 c5 4. e3 a6 5. Nf3 Nc6 6. Ne5 Bf5 7. g4 Bd7 8. g5 cxd4 9. exd4 Ne4 10. Nxe4 dxe4 11. Bc4 e6 12. Qd2 Be7 13. h4 f6 14. gxf6 gxf6 15. Qe2 Nxe5 16. dxe5 Qa5+ 17. c3 O-O-O 18. O-O-O f5 19. Rd2 Kb8 20. Rhd1 Bc8 21. Kb1 Bxh4 22. Rd6 Be7 23. Bxe6 Bxd6 24. Bxc8 Kxc8 25. exd6 Qb5 26. Qe3 b6 27. Qd4 Rd7 28. Qxh8+ Kb7 29. Qd4 a5 30. Qd5+ Qxd5 31. Rxd5 Kc6 32. Rxf5 Rxd6 33. Bxd6 Kxd6 34. Rf6+ Ke5 35. Rh6 Kf4 36. Rxh7 Kf3 37. Rf7+ Ke2 38. Kc2 b5 39. b4 a4 40. Rf5 Ke1 41. Rxb5 Kxf2 42. Re5 e3 43. Kd3 e2 44. Rxe2+ Kf3 45. b5 1-0


[Site "https://www.chess.com"]

[Event "Titled Tuesday Blitz April 4 Late 2023"]
[White "Fernandez Sanchez, Mario Andres"]
[Black "cryptoguru02"]
[WhiteFideId "6501621"]
[WhiteElo "2050"]
[BlackElo "2607"]
[Result "0-1"]
[Round "07"]
[TimeControl "180+2"]
[Date "2023.04.04"]
[WhiteClock "0:00:13"]
[BlackClock "0:00:35"]

1. d4 g6 2. Bf4 Bg7 3. Nc3 d6 4. e4 Nc6 5. Nf3 Bg4 6. d5 Nd4 7. Be2 Nxe2 8. Qxe2 Nf6 9. h3 Bxf3 10. Qxf3 Nd7 11. O-O O-O 12. Qe3 Ne5 13. b3 c5 14. dxc6 Nxc6 15. Rad1 Qa5 16. Nd5 Qxa2 17. Bg5 Rfe8 18. c4 Qa5 19. Kh1 Rac8 20. f4 Qc5 21. Qxc5 dxc5 22. e5 Kf8 23. Ra1 a6 24. Nb6 Rcd8 25. Rfd1 f6 26. Nd7+ Kf7 27. e6+ Kxe6 28. Nxc5+ Kf7 29. Bh4 Rxd1+ 30. Rxd1 Rd8 31. Ra1 Rb8 32. Bf2 e5 33. fxe5 Nxe5 34. Ne4 f5 35. Nd6+ Ke6 36. Bc5 Nd3 37. Ra5 Nxc5 0-1


[Site "https://www.chess.com"]

[Event "Titled Tuesday Blitz April 4 Late 2023"]
[White "Meunier-Pion, Jean"]
[Black "Pakleza, Zbigniew"]
[WhiteFideId "20685327"]
[BlackFideId "1119290"]
[WhiteElo "2124"]
[BlackElo "2410"]
[Result "0-1"]
[Round "07"]
[TimeControl "180+2"]
[Date "2023.04.04"]
[WhiteClock "0:02:14"]
[BlackClock "0:02:41"]

1. e4 d5 2. exd5 Nf6 3. d4 Nxd5 4. c4 Nb6 5. Nf3 Bg4 6. Be3 e5 7. h3 Bxf3 8. Qxf3 exd4 9. Qxb7 dxe3 10. Qe4+ Qe7 11. Qb7 Qb4+ 12. Nc3 Qxb2 13. Nb5 Qd2# 0-1


[Site "https://www.chess.com"]